 Dungeon Crawl Stone Soup version bcrawl-1.17.3 (webtiles) character file.

Game seed: 3803796520025151083

26 Chiseanne the Skirmisher (level 2, 0/23 HPs)
             Began as a Mummy Archaeologist on Oct 25, 2019.
             Slain by a giant cockroach (2 damage)
             ... on level 1 of the Dungeon.
             The game lasted 00:00:38 (595 turns).

Chiseanne the Skirmisher (Mummy Archaeologist)       Turns: 595, Time: 00:00:38

Health: 0/23       AC:  6    Str: 14    XL:     2   Next: 89%
Magic:  2/2        EV: 12    Int: 13    God:
Gold:   74         SH:  0    Dex: 10    Spells: 1/1 levels left

rFire    x . .     SeeInvis .   a - +1 whip
rCold    + . .     Gourm    .   (no shield)
rNeg     + + +     Faith    .   b - +1 robe
rPois    ∞         Spirit   .   c - +1 hat
rElec    .         Reflect  .   (no cloak)
rCorr    .         Harm     .   (no gloves)
MR       .....     Clarity  +   d - +1 pair of boots
Stlth    ++........             (no amulet)
HPRegen  0.07/turn              (no ring)
MPRegen  0.08/turn              (no ring)

@: no status effects
A: no food or potions, fire vulnerability, clarity, cold resistance 1, negative
energy resistance 3, torment resistance, unbreathing
a: no special abilities


You were on level 1 of the Dungeon.
You were not hungry.

You visited 1 branch of the dungeon, and saw 1 of its levels.

You collected 74 gold pieces.

Inventory:

Hand Weapons
 a - a +1 whip (weapon)
Missiles
 g - 47 stones (quivered)
Armour
 b - a +1 robe (worn)
 c - a +1 hat (worn)
 d - a +1 pair of boots (worn)
Miscellaneous
 e - a dusty tome
 f - an ancient crate


   Skills:
 * Level 2.9 Fighting
 - Level 0.7 Maces & Flails
 - Level 2.4 Dodging
 - Level 2.6 Stealth


You had one spell level left.
You didn't know any spells.
Your spell library was empty.

Dungeon Overview and Level Annotations

Branches:
Dungeon (1/12)

Altars:


Innate Abilities, Weirdness & Mutations

You do not eat or drink.
Your flesh is vulnerable to fire.
You are immune to poison.
You possess an exceptional clarity of mind.
Your flesh is cold resistant. (rC+)
You are immune to negative energy. (rN+++)
You are immune to unholy pain and torment.
You can survive without breathing.


Message History

The leopard gecko bites you but does no damage.
You closely miss the leopard gecko.
The leopard gecko is almost dead.
The leopard gecko bites you but does no damage.
You hit the leopard gecko.
You kill the leopard gecko!
You hit the giant cockroach but do no damage.
The giant cockroach barely misses you.
The giant cockroach bites you but does no damage.
You hit the giant cockroach but do no damage.
The giant cockroach bites you but does no damage.
You hit the giant cockroach but do no damage.
The giant cockroach barely misses you.
You barely miss the giant cockroach.
The giant cockroach bites you but does no damage. x2
You closely miss the giant cockroach.
The giant cockroach bites you but does no damage.
You hit the giant cockroach but do no damage.
The giant cockroach bites you.
You die...

......#.......!..........
....#...#######............ .#.
......###.....###.......... .. .
##...##.........##........ .? ..
##..'.....8.....+........ . ..
##...##.........##......# .#.##.
#.....###.....###....#..##(.....
#.......###'######..........)...
.......##.....##@s..............
..##..##...<...###......)..####.
.####..##.....## #.........# .#
##.###########.#####.##..(
.#####...............# #.# !(..
....############.....# ..# ...?
.....## #.....# ..# (..# ......#
#.....##... ?#. ......#
#.........


You could see a giant cockroach.

Vanquished Creatures
  A worm (D:1)
  2 leopard geckos (D:1)
  3 giant cockroaches (D:1)
  3 goblins (D:1)
  A hobgoblin (D:1)
  A jackal (D:1)
  A kobold (D:1)
  A ball python (D:1)
  2 bats (D:1)
  2 frilled lizards (D:1)
  3 rats (D:1)
20 creatures vanquished.

Notes
Turn   | Place    | Note
-------+----------+-------------------------------------------
     0 | D:1      | Chiseanne the Mummy Archaeologist began the quest for the
                  | Orb.
     0 | D:1      | Reached XP level 1. HP: 15/15 MP: 1/1
   147 | D:1      | Reached XP level 2. HP: 6/22 MP: 2/2
   579 | D:1      | HP: 1/23 [bat (1)]
   595 | D:1      | Slain by a giant cockroach

Skill      XL: |  1 |
---------------+----+-----
Fighting       | 2 |  2.9
Maces & Flails | |  0.7
Dodging        | |  2.4
Stealth        | |  2.6

Action                   || total
-------------------------++-------
Melee: Whip              ||   102
  Use: Scroll            ||     1
 Stab: Sleeping          ||     1
Armor: Robe              ||    59
Dodge: Dodged            ||    83
